 Dungeon Crawl Stone Soup version 0.22.1-1-ga44c0e5 (webtiles) character file.

2744 Fang the Cleaver (level 9, -2/84 HPs)
             Began as a Gargoyle Berserker on Sept 28, 2018.
             Was a High Priest of Trog.
             Slain by an orc warrior
             ... wielding a +0 dire flail
              (7 damage)
             ... on level 7 of the Dungeon on Oct 1, 2018.
             The game lasted 00:08:53 (6747 turns).

Fang the Cleaver (Gargoyle Berserker)               Turns: 6747, Time: 00:08:54

Health: -2/84      AC: 16    Str: 29    XL:     9   Next: 68%
Magic:  9/9        EV: 13    Int:  8    God:    Trog [*****.]
Gold:   382        SH:  0    Dex:  9    Spells: 8/8 levels left

rFire    . . .     SeeInvis .   a - +0 hand axe
rCold    . . .     Gourm    .   (no shield)
rNeg     + + .     Faith    .   t - +3 leather armour of Depression {rN+}
rPois    ∞         Spirit   .   (no helmet)
rElec    +         Reflect  .   q - +2 cloak {+Inv}
rCorr    .         Harm     .   (no gloves)
MR       .....                  (no boots)
Stlth    ..........             (no amulet)
HPRegen  0.24/turn              (no ring)
MPRegen  0.11/turn              (no ring)

@: berserking, very quick
A: negative energy resistance 1, electricity resistance, unbreathing,
petrification resistance, rot immunity, AC +6
a: Berserk, Trog's Hand, Brothers in Arms, Renounce Religion, Evoke Invisibility


You were on level 7 of the Dungeon.
You worshipped Trog.
Trog was extremely pleased with you.
You were hungry.

You visited 2 branches of the dungeon, and saw 9 of its levels.

You collected 382 gold pieces.

Inventory:

Hand Weapons
 a - a +0 hand axe (weapon)
Armour
 b - a +0 animal skin
 m - a +2 robe of magic resistance
 q - a +2 cloak of invisibility (worn)
 t - the +3 leather armour of Depression (worn) {rN+}
   (You took it off a gnoll on level 5 of the Dungeon)

   It protects you from negative energy.
Wands
 u - a wand of scattershot (3)
 F - a wand of iceblast (11)
Scrolls
 d - 3 scrolls of amnesia {unknown}
 e - 2 scrolls of enchant weapon {unknown}
 f - 14 scrolls of identify {unknown}
 i - 4 scrolls of remove curse {unknown}
 j - 2 scrolls of teleportation {unknown}
 k - 2 scrolls of immolation {unknown}
 r - a scroll of enchant armour {unknown}
 y - a scroll of acquirement {unknown}
 C - 3 scrolls of random uselessness {unknown}
Potions
 g - a potion of degeneration {unknown}
 h - a potion of invisibility {unknown}
 l - 4 potions of curing {unknown}
 n - a potion of berserk rage {unknown}
 o - 2 potions of heal wounds {unknown}
 p - 2 potions of flight {unknown}
 s - 2 potions of lignification {unknown}
 v - a potion of cancellation {unknown}
 w - a potion of brilliance {unknown}
 x - a potion of mutation {unknown}
 z - a potion of haste {unknown}
 A - 2 potions of might {unknown}
 B - a potion of agility
 D - a potion of magic {unknown}
Comestibles
 c - 14 rations


   Skills:
 + Level 6.8 Fighting
 + Level 8.9 Axes
 + Level 4.4 Armour
 + Level 5.0 Dodging
 + Level 3.0 Stealth


You had 8 spell levels left.
You didn't know any spells.
Your spell library was empty.

Dungeon Overview and Level Annotations

Branches:
Dungeon (8/15)             Temple (1/1) D:6
   Lair: D:8-11

Altars:
Cheibriados
Dithmenos
Fedhas
Hepliaklqana
Kikubaaqudgha
Okawaru
Qazlal
Ru
Xom
The Shining One

Shops:
D:4 [


Innate Abilities, Weirdness & Mutations

You are resistant to torment.
Your stone body is resilient. (AC +6)
You are immune to poison.
You resist negative energy. (rN+)
You are resistant to electric shocks. (rElec)
You can survive without breathing.
You are immune to petrification.
You are immune to rotting.


Message History

You hit the orc warrior.
You kill the orc warrior!
Trog accepts your kill.
Your Dodging skill increases to level 5!
Your Stealth skill increases to level 3!
You hit the orc warrior but do no damage.
You slash the bullfrog! The bullfrog barely misses you.
The orc warrior hits you with a dire flail.
* * * LOW HITPOINT WARNING * * *
You hit the orc warrior.
The orc warrior is moderately wounded.
You hit the bullfrog. The bullfrog barely misses you.
All of the chunks of flesh in your inventory have rotted away.
You hit the orc warrior.
The orc warrior is heavily wounded.
You slash the bullfrog!
You kill the bullfrog!
Trog accepts your kill.
The orc warrior hits you with a dire flail!
You die...

#######
#.....#
#.....#
#.)...#
#.@...#
#..o..######
######.....#
#.....#
#.....#
#.....#
##.....#
#......#
#......#


You could see an orc warrior.

Vanquished Creatures
  Sigmund (D:2)
  Menkaure (D:4)
  Duvessa (D:7)
  5 orc warriors
  3 ice beasts
  A necrophage (D:7)
  2 ogres
  A phantom (D:6)
  2 bullfrogs (D:7)
  Dowan (D:7)
  2 howler monkeys
  3 wights (D:7)
  A crimson imp (D:7)
  2 jellies (D:7)
  3 orc wizards
  3 orc priests
  A centaur skeleton (D:4)
  4 hounds
  Crazy Yiuf (D:2)
  2 worker ants
  A hound zombie (D:6)
  2 hound skeletons
  A worker ant zombie (D:6)
  11 gnolls
  8 adders
  3 shadow imps
  2 oozes
  2 adder skeletons (D:6)
  3 worms
  5 dart slugs
  2 leopard geckos (D:1)
  24 orcs
  8 bats
  3 giant cockroaches
  9 goblins
  8 hobgoblins
  12 jackals
  A quokka (D:3)
  3 ball pythons
  4 frilled lizards
  12 kobolds
  A quokka zombie (D:7)
  6 rats
171 creatures vanquished.

Notes
Turn   | Place    | Note
-------+----------+-------------------------------------------
     0 | D:1      | Fang the Gargoyle Berserker began the quest for the Orb.
     0 | D:1      | Reached XP level 1. HP: 14/14 MP: 1/1
    64 | D:1      | Reached skill level 3 in Axes
    64 | D:1      | Reached XP level 2. HP: 17/19 MP: 2/2
   184 | D:1      | Reached XP level 3. HP: 21/24 MP: 3/3
   230 | D:1      | Reached ** piety under Trog
   813 | D:2      | Reached XP level 4. HP: 29/29 MP: 4/4
   860 | D:2      | Found a glowing golden altar of the Shining One.
   888 | D:2      | Noticed Sigmund
  1012 | D:2      | Found a blossoming altar of Fedhas.
  1182 | D:2      | Reached skill level 4 in Axes
  1432 | D:2      | Found a faded altar of an unknown god.
  1463 | D:2      | Killed Sigmund
  1463 | D:2      | Reached skill level 5 in Axes
  1463 | D:2      | Reached XP level 5. HP: 34/34 MP: 5/5
  1463 | D:2      | Reached XP level 6. HP: 39/39 MP: 6/6
  1755 | D:2      | Found a runed door.
  1759 | D:2      | Noticed Crazy Yiuf
  1767 | D:2      | Killed Crazy Yiuf
  1960 | D:3      | Found a stormy altar of Qazlal.
  2040 | D:3      | Paralysed by a gnoll for 5 turns
  2059 | D:3      | Reached *** piety under Trog
  2219 | D:3      | Found a shimmering altar of Xom.
  2315 | D:3      | Found a shadowy altar of Dithmenos.
  2426 | D:3      | Found a snail-covered altar of Cheibriados.
  2463 | D:3      | Noticed an orc warrior
  2481 | D:3      | Killed an orc warrior
  2481 | D:3      | Reached XP level 7. HP: 10/44 MP: 7/7
  2853 | D:3      | Found a hazy altar of Hepliaklqana.
  3106 | D:4      | Reached skill level 1 in Stealth
  3137 | D:4      | Noticed Menkaure
  3145 | D:4      | Killed Menkaure
  3145 | D:4      | Reached skill level 5 in Fighting
  3145 | D:4      | Reached skill level 6 in Axes
  3325 | D:4      | Found Wiuhaq's Antique Armour Emporium.
  3419 | D:4      | Reached **** piety under Trog
  3636 | D:5      | Entered Level 5 of the Dungeon
  3727 | D:5      | Reached XP level 8. HP: 49/49 MP: 8/8
  4062 | D:5      | Got a crude leather armour
  4073 | D:5      | Identified the +3 leather armour of Depression {rN+} (You
                  | took it off a gnoll on level 5 of the Dungeon)
  4206 | D:5      | Found a sacrificial altar of Ru.
  4347 | D:5      | Found an ancient bone altar of Kikubaaqudgha.
  4749 | D:6      | Reached skill level 7 in Axes
  4984 | D:6      | Found a staircase to the Ecumenical Temple.
  4990 | Temple   | Entered the Ecumenical Temple
  5842 | D:7      | Reached XP level 9. HP: 50/55 MP: 9/9
  5922 | D:7      | Reached skill level 8 in Axes
  6500 | D:7      | Noticed Duvessa
  6501 | D:7      | Noticed Dowan
  6516 | D:7      | Killed Duvessa
  6522 | D:7      | Killed Dowan
  6667 | D:7      | Found an iron altar of Okawaru.
  6741 | D:8      | Reached ***** piety under Trog
  6745 | D:7      | Reached skill level 5 in Dodging
  6747 | D:7      | Slain by an orc warrior

Skill      XL: |  1  2  3  4  5  6  7  8  9 |
---------------+----------------------------+-----
Axes           | 3 5 6 7 8 |  8.9
Fighting       | 4 5 6 |  6.8
Dodging        | 2 3 4 5 |  5.0
Stealth        | 1 2 3 |  3.0
Armour         | 3 4 |  4.4

Action                   |  1- 3 |  4- 6 |  7- 9 || total
-------------------------+-------+-------+-------++-------
Melee: Hand axe          |    92 |   158 |   423 ||   673
Invok: Berserk           |       |     4 |     8 ||    12
 Stab: Sleeping          |       |     1 |     3 ||     4
  Eat: Chunk             |       |     4 |    12 ||    16
       Ration            |       |     1 |     3 ||     4
Armor: Animal skin       |    39 |    28 |       ||    67
       Robe              |       |    28 |    36 ||    64
       Leather armour    |       |       |   123 ||   123
Dodge: Dodged            |    56 |   112 |   270 ||   438
